 Dungeon Crawl Stone Soup version 0.28-a0-1117-g0bdd5ba030 (webtiles) character file.

Game seed: 13104671068824736983

33 bearlyready the Insei (level 3, 0/24 HPs)
             Began as an Octopode Transmuter on Dec 11, 2021.
             Slain by a worm (12 damage)
             ... on level 2 of the Dungeon.
             The game lasted 00:01:33 (1261 turns).

bearlyready the Insei (Octopode Transmuter)         Turns: 1261, Time: 00:01:33

Health: 0/24       AC:  1    Str:  9    XL:     3   Next: 29%
Magic:  6/6        EV: 13    Int: 17    God:
Gold:   44         SH:  0    Dex: 12    Spells: 0/6 levels left

rFire   . . .      SeeInvis .     - Unarmed
rCold   . . .      Faith    .   (no shield)
rNeg    . . .      Spirit   .   (helmet restricted)
rPois   .          Reflect  .   (no amulet)
rElec   .          Harm     .   (no ring)
rCorr   .          Rampage  .   (no ring)
Will    .....                   (no ring)
Stlth   ++........              (no ring)
HPRegen 0.08/turn               (no ring)
MPRegen 0.10/turn               (no ring)
                                (no ring)
                                (no ring)

@: no status effects
A: almost no armour, amphibious, 8 rings, camouflage 1, gelatinous body 1,
(nimble swimmer 1), tentacles
a: no special abilities


You were on level 2 of the Dungeon.
You visited 1 branch of the dungeon, and saw 2 of its levels.

You collected 44 gold pieces.

Inventory:

Missiles
 a - 64 stones
Scrolls
 b - a scroll of immolation {unknown}
 c - a scroll of summoning {unknown}
 d - a scroll of acquirement {unknown}
 e - 2 scrolls of teleportation {unknown}
 f - a scroll of enchant armour {unknown}
Potions
 g - a potion of curing {unknown}
 h - a potion of brilliance {unknown}
 i - a potion of might {unknown}


   Skills:
 + Level 1.9 Fighting
 - Level 2.0 Dodging
 + Level 3.4 Unarmed Combat
 - Level 2.0 Spellcasting
 + Level 2.6 Transmutations
 + Level 0.0 Poison Magic


You couldn't memorise any spells.
You knew the following spells:

 Your Spells              Type           Power      Damage    Failure   Level
a - Beastly Appendage     Tmut           20%        N/A       7%          1
b - Wereblood             Tmut           10%        N/A       10%         2
c - Spider Form           Tmut/Pois      6%         N/A       34%         3

Your spell library contained the following spells:

 Spells                   Type           Power      Damage    Failure   Level
 Ice Form                 Ice/Tmut       6%         N/A       75%         4


Dungeon Overview and Level Annotations

Branches:
Dungeon (2/15)

Altars:


Innate Abilities, Weirdness & Mutations

You cannot wear most types of armour.
You are amphibious.
You can wear up to eight rings at the same time.
Your skin changes colour to match your surroundings (Stealth+).
Your rubbery body absorbs attacks. (AC +1, EV +1)
((You are camouflaged near water. (Stealth+)))
You have tentacles for arms and can constrict up to eight enemies at once.


Message History

Casting: Beastly Appendage (safe; 7% risk of failure)
Confirm with . or Enter, or press ? or * to list all spells.
One of your tentacles grows a vicious spike.
You tentacle-slap the giant cockroach but do no damage.
Your grab misses the giant cockroach.
Your tentacle spike misses the giant cockroach.
The giant cockroach barely misses you.
You tentacle-slap the giant cockroach. Your grab misses the giant cockroach.
The giant cockroach is heavily wounded.
The giant cockroach misses you.
You tentacle-slap the giant cockroach.
You kill the giant cockroach!
Memorise Wereblood, consuming 2 spell levels and leaving 3?
You start memorising the spell.
You continue memorising. x2
You finish memorising.
Spell assigned to 'b'.
Okay, then.
This spell is extremely dangerous to cast!
Memorise Spider Form, consuming 3 spell levels and leaving 0?
Magic restored.
You start memorising the spell.
You continue memorising. x3
Your transformation is almost over.
You finish memorising.
Spell assigned to 'c'.
i - a glowing cyan potion
There are no items here.
Your tentacle spike disappears.
A worm is nearby!
A worm is nearby!
A worm is nearby!
You catch the helpless worm completely off-guard!
You tentacle-slap the worm. You grab the worm.
The worm is lightly wounded.
You constrict the worm. The worm bites you!
You tentacle-slap the worm.
The worm is lightly wounded.
You constrict the worm.
You tentacle-slap the worm but do no damage.
The worm is moderately wounded.
You constrict the worm. The worm bites you!
Ouch! That really hurt!
You die...

### #. . ..# .. ..
... #.. .# ... ....
#.##.# .w.# .....
#.#..#..r# #....
##.#....#
#....##..#.####...
......#..#......# #.
#.....w@...#### #>
#.##.$###### ####.#
#.##..###
#....<##.......####
..................#
...............##...
..............(.# ##
..................#
$..............##.#


You could see a worm.

Vanquished Creatures
  2 bats (D:1)
  6 endoplasms
  2 giant cockroaches
  A goblin (D:2)
  5 hobgoblins
  3 jackals (D:1)
  A kobold (D:1)
  5 ball pythons
  A frilled lizard (D:1)
  2 rats (D:1)
28 creatures vanquished.

Notes
Turn   | Place    | Note
-------+----------+-------------------------------------------
     0 | D:1      | bearlyready the Octopode Transmuter began the quest for the
                  | Orb.
     0 | D:1      | Reached XP level 1. HP: 13/13 MP: 3/3
   393 | D:1      | Reached XP level 2. HP: 16/18 MP: 3/5
  1112 | D:2      | Reached XP level 3. HP: 22/24 MP: 6/6
  1229 | D:2      | Learned a level 2 spell: Wereblood
  1234 | D:2      | Learned a level 3 spell: Spider Form
  1261 | D:2      | Slain by a worm

Illustrated notes

Levels and vault maps discovered:
D:1:      dpeg_arrival_rhombi, layout_rooms, grunt_decor_arrowhead,
          minmay_nonomino_d4
D:2:      minmay_evil_eye, layout_rooms, basic_altar, uniq_jessica

Action                   || total
-------------------------++-------
Melee: Unarmed           ||    73
       Constrict         ||    14
       Tentacles         ||    12
       Kick              ||     6
       Punch             ||     2
 Cast: Beastly Appendage ||     6
 Stab: Sleeping          ||     4
       Distracted        ||     1
Armor: Skin              ||     5
Dodge: Dodged            ||    46

Table legend: (Time is in decaauts)
 A = Elapsed time spent in this place.
 B = Non-inter-level travel time spent in this place.
 C = Inter-level travel time spent in this place.
 D = Time resting spent in this place.
 E = Time spent auto-exploring this place.
 F = Levels seen in this place.
 G = Mean time per level.
                   A        B        C        D        E       F      G
               +--------+--------+--------+--------+--------+-----+--------+
         Total |   1255 |   1228 |     27 |    171 |    854 |   2 |  627.5 |
       Dungeon |   1255 |   1228 |     27 |    171 |    854 |   2 |  627.5 |
               +--------+--------+--------+--------+--------+-----+--------+

Top non-repeatable levels by time:
     D:1: 1096 daAuts
     D:2: 158 daAuts
